 Dungeon Crawl Stone Soup version 0.18-a0-1454-g5e6cd1e (webtiles) character file.

37 KarvaRausku the Conjurer (level 3, -1/23 HPs)
             Began as a High Elf Conjurer on Mar 1, 2016.
             Slain by Terence
             ... wielding a cursed +0 short sword
              (3 damage)
             ... on level 2 of the Dungeon.
             The game lasted 00:05:07 (1009 turns).

KarvaRausku the Conjurer (High Elf Conjurer)        Turns: 1009, Time: 00:05:07

Health: -1/23      AC:  3    Str:  8    XL:     3   Next: 21%
Magic:  0/8        EV: 13    Int: 23    God:
Gold:   89         SH:  0    Dex: 16    Spells: 2 memorised, 5 levels left

rFire  . . .     SeeInvis .     i - +0 short sword
rCold  . . .     Gourm    .     a - +0 robe
rNeg   . . .     Faith    .     (no shield)
rPois  .         Spirit   .     (no helmet)
rElec  .         Dismiss  .     (no cloak)
rCorr  .         Reflect  .     (no gloves)
SustAt .         Harm     .     o - +0 pair of boots
MR     .....                    l - amulet of rage
Stlth  ++........               (no ring)
                                (no ring)

@: brilliant, very slightly contaminated, not resistant to hostile enchantments,
unstealthy
A: no striking features
a: Evoke Berserk Rage


You were on level 2 of the Dungeon.
You were hungry.

You visited 1 branch of the dungeon, and saw 2 of its levels.

You collected 89 gold pieces.

Inventory:

Hand Weapons
 e - a +0 dagger
 i - a +0 short sword (weapon)
Armour
 a - a +0 robe (worn)
 o - a +0 pair of boots (worn)
Jewellery
 l - an amulet of rage (around neck)
Scrolls
 g - a scroll of magic mapping {unknown}
 j - a scroll of identify {unknown}
 k - a scroll of remove curse {unknown}
 m - a scroll of random uselessness {unknown}
 p - a scroll of enchant weapon {unknown}
 q - a scroll of enchant armour {unknown}
Potions
 n - a potion of agility {unknown}
Books
 b - a book of Conjurations

   Spells                             Type                      Level
   a - Magic Dart                     Conjuration                  1
   b - Searing Ray                    Conjuration                  2
   c - Dazzling Spray                 Conjuration/Hexes            3
   d - Fulminant Prism                Conjuration/Hexes            4
   e - Iskenderun's Mystic Blast      Conjuration                  4
   f - Iskenderun's Battlesphere      Conjuration/Charms           5
Comestibles
 c - 3 bread rations


   Skills:
 + Level 1.2 Fighting
 - Level 2.1 Dodging
 - Level 2.1 Stealth
 + Level 3.0 Spellcasting
 + Level 5.0 Conjurations


You had 5 spell levels left.
You knew the following spells:

 Your Spells              Type           Power        Failure   Level  Hunger
a - Magic Dart            Conj           ####         1%          1    None
b - Searing Ray           Conj           #####.       1%          2    ##.....


Dungeon Overview and Level Annotations

Branches:
Dungeon (2/15)

Altars:
Elyvilon

Annotations:
D:2 Terence


Message History

You hit Terence.
Terence is severely wounded.
Terence hits you with a short sword. x2
* * * LOW HITPOINT WARNING * * *
You are too injured to fight recklessly!
You hit Terence.
Terence is almost dead.
Terence closely misses you.
You hit Terence but do no damage.
Terence is almost dead.
Terence hits you but does no damage.
Casting: Magic Dart
Confirm with . or Enter, or press ? or * to list all spells.
Aiming: Magic Dart
Press: ? - help, Shift-Dir - straight line, f/p - Terence
Aim: Terence, wielding a short sword and wearing a chain mail (almost dead)
The magic dart hits Terence.
Terence is almost dead.
Terence hits you with a short sword.
You die...

#.. ...# #.. #..#
###############.. #..#
##................ #..#
##(#.######.#####..
#########..###.###.## #.# ##.
#... ........## ##.# #.# #.
##.#######..###@###.#####.######.
...............#@#.<.....#.......
...#######..##.##..######.#######
.### #..##.###.# #.# .#
#.........######.# .#
#.###............# .# #.#
############## .# #.# ## #.# .
..#


You could see Terence.

Vanquished Creatures
  An adder (D:2)
  2 giant cockroaches (D:1)
  5 goblins (D:1)
  A hobgoblin (D:1)
  5 jackals (D:2)
  A kobold (D:2)
  6 bats
  3 rats
24 creatures vanquished.

Notes
Turn   | Place    | Note
--------------------------------------------------------------
     0 | D:1      | KarvaRausku the High Elf Conjurer began the quest for the Orb.
     0 | D:1      | Reached XP level 1. HP: 11/11 MP: 4/4
   205 | D:1      | Reached XP level 2. HP: 17/17 MP: 4/6
   442 | D:2      | Found a white marble altar of Elyvilon.
   510 | D:2      | Reached skill level 1 in Fighting
   609 | D:2      | Reached skill level 5 in Conjurations
   613 | D:2      | Reached XP level 3. HP: 1/23 MP: 1/8
   932 | D:2      | Noticed Terence
   937 | D:2      | Learned a level 2 spell: Searing Ray
   981 | D:2      | HP: 1/23 [Terence/short sword (1)]
  1009 | D:2      | Slain by Terence

Vault maps used:
D:1:      lemuel_arrival_lava_pool, hex_large
D:2:      nicolae_overflow_crystal_walls, gammafunk_temple_overflow_statue,
          first_bread, uniq_terence, uniq_iyjb

Skill      XL: |  1  2 |
---------------+-------+-----
Fighting       | 1 |  1.2
Conjurations   | 5 |  5.0
Spellcasting   | 3 |  3.0
Dodging        | |  2.1
Stealth        | |  2.1

Action                   || total
-------------------------++-------
Melee: Short sword       ||    74
       Unarmed           ||     5
 Cast: Magic Dart        ||    24
       Searing Ray       ||     2
  Use: Potion            ||     2
 Stab: Sleeping          ||     2
